 Dungeon Sprint DCSS version 0.17-a0-2108-g65e8068 (webtiles) character file.

3317 Herrn the Protected (level 9, -3/93 HPs)
             Began as a Minotaur Fighter on Oct 19, 2015.
             Was a Believer of Okawaru.
             Slain by an unseen horror (7 damage)
             ... in the Dungeon (Sprint I: "Red Sonja").
             The game lasted 00:03:05 (2035 turns).

Herrn the Protected (Minotaur Fighter)              Turns: 2035, Time: 00:03:05

Health: -3/93      AC:  9    Str: 27    XL:     9   Next: 71%
Magic:  8/8        EV: 13    Int:  5    God:    Okawaru [**....]
Gold:   517        SH: 14    Dex: 12    Spells: 0 memorised, 8 levels left

rFire  . . .     SeeInvis .     a - +0 war axe
rCold  . . .     Clarity  .     b - +0 scale mail
rNeg   . . .     SustAt   .     c - +0 shield
rPois  .         Gourm    .     (helmet restricted)
rElec  .         Spirit   .     (no cloak)
rCorr  .         Warding  .     (no gloves)
rMut   .         NoTele   +     (no boots)
MR     .....                    (no amulet)
Stlth  ..........               (no ring)
                                (no ring)

@: mighty, very slightly contaminated, hasted, very quick, not resistant to
hostile enchantments, extremely unstealthy
A: retaliatory headbutt, horns 2
a: Heroism, Renounce Religion


You were in the Dungeon.
You worshipped Okawaru.
Okawaru was pleased with you.
You were not hungry.

You visited 1 branch You collected 517 gold pieces.

Inventory:

Hand Weapons
 a - a +0 war axe (weapon)
Armour
 b - a +0 scale mail (worn)
 c - a +0 shield (worn)
Scrolls
 g - a scroll of fear {unknown}
 k - a scroll of blinking
Potions
 i - 2 potions of magic
 j - a potion of berserk rage


   Skills:
 + Level 13.2 Fighting
 + Level 11.0 Axes
 + Level 14.4 Armour
 + Level 7.6 Dodging
 + Level 13.0 Shields


You had 8 spell levels left.
You didn't know any spells.

Dungeon Overview and Level Annotations

Branches:
Dungeon (1/1)

Altars:
Elyvilon
Gozag
Kikubaaqudgha
Makhleb
Nemelex Xobeh
Okawaru
Qazlal
Ru
Sif Muna
Trog
Vehumet
Xom
Yredelemnul
Zin
The Shining One

Shops:
D [


Innate Abilities, Weirdness & Mutations

You reflexively headbutt those who attack you in melee.
You have a pair of horns on your head.


Message History

Drink which item? (? for menu, Esc to quit)
You feel yourself speed up. Something hits you.
* * * LOW HITPOINT WARNING * * *
You are very lightly contaminated with residual magic.
You miss something. Your headbutt misses something. Something hits you!
* * * LOW HITPOINT WARNING * * *
Something hits you but does no damage.
You slash something! Okawaru is honoured by your kill.
Reactivating autopickup.
Your Fighting skill increases to level 13!
Your Axes skill increases to level 11!
Your Armour skill increases to level 14!
Your Shields skill increases to level 13!
You feel a bit more experienced. You block its attack.
Deactivating autopickup; reactivate with Ctrl-A.
You slash something! Something hits you!
* * * LOW HITPOINT WARNING * * *
Something hits you!
You die...

').#..+ #####'#
####
#...#.####.§####
#..##.#§≈§§§#§.#
##'#..'≈§§§§'§§#
.÷...§#≈§§§§#..#
##_.#+##+#####'###
###+# #.'.# #
###@# #{# #######
#§# .......##§#
......§§'.#
+++######§# #.#
+§# ###


There were no monsters in sight!

Vanquished Creatures
  2 centaur warriors (D)
  An unseen horror (D)
  An oklob plant (D)
  4 trapdoor spiders (D)
  Sigmund (D)
  A yak (D)
  An ogre (D)
  A wasp (D)
  A jelly (D)
  Ijyb (D)
14 creatures vanquished.

Notes
Turn   | Place    | Note
--------------------------------------------------------------
     0 | D        | Herrn the Minotaur Fighter began the quest for the Orb.
     0 | D        | Reached XP level 1. HP: 19/19 MP: 0/0
     1 | D        | Noticed Ijyb
    21 | D        | Killed Ijyb
    21 | D        | Reached skill level 5 in Fighting
    21 | D        | Reached skill level 5 in Armour
    21 | D        | Reached skill level 5 in Shields
    21 | D        | Reached XP level 2. HP: 13/29 MP: 1/1
   198 | D        | Noticed an ogre
   204 | D        | Killed an ogre
   204 | D        | Reached skill level 6 in Fighting
   204 | D        | Reached skill level 7 in Armour
   204 | D        | Reached skill level 1 in Dodging
   204 | D        | Reached XP level 3. HP: 13/38 MP: 2/2
   204 | D        | Reached XP level 4. HP: 15/45 MP: 3/3
   507 | D        | Noticed Sigmund
   522 | D        | HP: 2/45 [something (3)]
   524 | D        | Killed Sigmund
   524 | D        | Reached skill level 8 in Fighting
   524 | D        | Reached skill level 5 in Axes
   524 | D        | Reached skill level 9 in Armour
   524 | D        | Reached XP level 5. HP: 34/56 MP: 4/4
   524 | D        | Reached XP level 6. HP: 37/62 MP: 5/5
   658 | D        | Found a deep blue altar of Sif Muna.
   659 | D        | Noticed a jelly
   660 | D        | Found a radiant altar of Vehumet.
   662 | D        | Killed a jelly
   686 | D        | Found Byddanep's Armour Emporium.
   686 | D        | Found a white marble altar of Elyvilon.
   686 | D        | Found a stormy altar of Qazlal.
   686 | D        | Found a basalt altar of Yredelemnul.
   686 | D        | Found an iron altar of Okawaru.
   686 | D        | Found a sparkling altar of Nemelex Xobeh.
   686 | D        | Found a shimmering altar of Xom.
   686 | D        | Found an ancient bone altar of Kikubaaqudgha.
   686 | D        | Noticed a yak
   696 | D        | Killed a yak
   696 | D        | Reached skill level 10 in Armour
   696 | D        | Reached skill level 10 in Shields
   697 | D        | Found a burning altar of Makhleb.
   697 | D        | Found a sacrificial altar of Ru.
   697 | D        | Found a glowing golden altar of the Shining One.
   697 | D        | Found an opulent altar of Gozag.
   697 | D        | Found a glowing silver altar of Zin.
   817 | D        | Found a bloodstained altar of Trog.
   825 | D        | Became a worshipper of Warmaster Okawaru
   834 | D        | Noticed a centaur warrior
   835 | D        | Noticed a centaur warrior
   844 | D        | Killed a centaur warrior
   844 | D        | Reached skill level 11 in Fighting
   844 | D        | Reached XP level 7. HP: 37/74 MP: 6/6
   844 | D        | Reached XP level 8. HP: 41/82 MP: 7/7
   849 | D        | Killed a centaur warrior
   849 | D        | Reached * piety under Okawaru
   849 | D        | Reached skill level 12 in Armour
   849 | D        | Reached skill level 5 in Dodging
  1118 | D        | Noticed a wasp
  1124 | D        | Killed a wasp
  1140 | D        | Noticed an oklob plant
  1152 | D        | Killed an oklob plant
  1152 | D        | Reached skill level 13 in Armour
  1152 | D        | Reached XP level 9. HP: 25/91 MP: 8/8
  1418 | D        | Noticed a trapdoor spider
  1419 | D        | Noticed a trapdoor spider
  1423 | D        | Noticed a trapdoor spider
  1426 | D        | Killed a trapdoor spider
  1426 | D        | Reached skill level 10 in Axes
  1429 | D        | Killed a trapdoor spider
  1784 | D        | Noticed a trapdoor spider
  1790 | D        | Killed a trapdoor spider
  1790 | D        | Reached ** piety under Okawaru
  1794 | D        | Killed a trapdoor spider
  2034 | D        | Killed an unseen horror
  2034 | D        | Reached skill level 14 in Armour
  2035 | D        | HP: 4/93 [something (9)]
  2035 | D        | Slain by an unseen horror

Vault maps used:
D:        dungeon_sprint_1

Action                   |  1- 3 |  4- 6 |  7- 9 || total
-------------------------+-------+-------+-------++-------
Melee: Unarmed           |    16 |       |       ||    16
       War axe           |     8 |    31 |    55 ||    94
  Use: Potion            |       |     2 |     4 ||     6
  Eat: Chunk             |       |       |     1 ||     1
       Bread ration      |       |       |     1 ||     1
